General information
- name: BNet
- type: Ladder 1vs1/FFA
- host: Battle.net
- saver: 7.42
map: TidewaterGlades
- players: 2
- length: 38:22
- speed: Fast
- version: 1.26 W3XP
- replay type: Public
» download(99 KB)
Players
team 1 (winner)
7.42 (
pink | 62 APM | 2361 actions | 38:22)
6 Archmage
2 Blizzard
3 Brilliance Aura
1 Mass Teleport
5 Blood Mage
3 Flame Strike
2 Siphon Mana
5 Goblin Alchemist
2 Acid Bomb
3 Chemical Rage
» actions
| Assign group hotkey | 57 | |
| Basic commands | 91 | |
| Build / train | 135 | |
| ESC pressed | 4 | |
| Enter build submenu | 56 | |
| Enter hero's abilities submenu | 16 | |
| Give item / drop item | 10 | |
| Right click | 845 | |
| Select / deselect | 521 | |
| Select group hotkey | 370 | |
| Use ability | 256 | |
2361 total
» units
| Peasant | 22 | |
| Goblin Shredder | 5 | |
| Goblin Zeppelin | 1 | |
| Dragonhawk Rider | 9 | |
| Gryphon Rider | 3 | |
40 total
» upgrades
| Masonry | 3 | |
| Gunpowder | 1 | |
| Armor | 3 | |
| Magic Sentry | 1 | |
| Cloud | 1 | |
| Sorceress Training | 2 | |
| Swords | 2 | |
| Animal War Training | 1 | |
14 total
» buildings
| Altar of Kings | 1 | |
| Farm | 17 | |
| Arcane Vault | 2 | |
| Scout Tower | 21 | |
| Lumber Mill | 1 | |
| Arcane Tower | 5 | |
| Guard Tower | 13 | |
| Town Hall | 5 | |
| Keep | 1 | |
| Blacksmith | 1 | |
| Gryphon Aviary | 3 | |
| Castle | 1 | |
| Arcane Sanctum | 1 | |
| Barracks | 1 | |
| Workshop | 2 | |
75 total
» build order
00:05 Altar of Kings
00:29 Farm
00:30 Farm
00:47 Arcane Vault
01:19 Scout Tower
01:43 Lumber Mill
02:02 Farm
02:05 Farm
02:37 Arcane Tower
03:11 Scout Tower
03:13 Scout Tower
03:14 Scout Tower
03:40 Guard Tower
03:42 Guard Tower
03:47 Guard Tower
03:47 Guard Tower
03:59 Scout Tower
03:59 Scout Tower
04:51 Scout Tower
04:53 Scout Tower
04:54 Scout Tower
04:55 Scout Tower
04:56 Scout Tower
04:57 Scout Tower
05:01 Guard Tower
05:23 Guard Tower
05:24 Guard Tower
06:05 Town Hall
06:09 Arcane Tower
06:10 Guard Tower
06:39 Guard Tower
07:30 Arcane Vault
07:48 Farm
08:31 Scout Tower
08:32 Scout Tower
08:45 Keep
08:51 Scout Tower
08:52 Scout Tower
09:00 Blacksmith
09:01 Arcane Tower
10:22 Arcane Tower
10:22 Guard Tower
11:11 Gryphon Aviary
11:12 Gryphon Aviary
11:15 Gryphon Aviary
11:26 Guard Tower
11:28 Castle
13:35 Farm
13:36 Farm
14:06 Farm
14:06 Farm
14:07 Farm
14:19 Arcane Sanctum
16:20 Farm
16:20 Farm
16:20 Farm
16:21 Farm
17:29 Scout Tower
17:29 Scout Tower
18:08 Scout Tower
18:10 Guard Tower
18:50 Guard Tower
25:17 Barracks
27:42 Farm
27:43 Farm
29:36 Town Hall
29:53 Town Hall
31:13 Farm
33:31 Town Hall
34:42 Town Hall
34:45 Scout Tower
34:53 Scout Tower
35:06 Arcane Tower
37:35 Workshop
37:43 Workshop
» items
| Mechanical Critter | 2 | |
| Lesser Clarity Potion | 3 | |
| Scroll of Regeneration | 10 | |
| Staff of Teleportation | 1 | |
| Potion of Invisibility | 2 | |
| Boots of Speed | 2 | |
| Potion of Lesser Invulnerability | 1 | |
| Periapt of Vitality | 3 | |
| Potion of Healing | 7 | |
| Scroll of Town Portal | 5 | |
| Potion of Mana | 2 | |
| Staff of Sanctuary | 2 | |
| Orb of Fire | 1 | |
| Scroll of Healing | 1 | |
42 total
team 2 (loser)

»
teddy69 (
teal | 22 APM | 835 actions | 38:19)
6 Demon Hunter
2 Immolation
3 Evasion
1 Metamorphosis
» actions
| Basic commands | 1 | |
| Build / train | 117 | |
| Enter build submenu | 24 | |
| Enter hero's abilities submenu | 6 | |
| Give item / drop item | 2 | |
| Remove unit from queue | 5 | |
| Right click | 262 | |
| Select / deselect | 347 | |
| Use ability | 71 | |
835 total
» units
| Wisp | 41 | |
| Archer | 21 | |
| Hippogryph | 25 | |
| Chimaera | 2 | |
| Glaive Thrower | 1 | |
90 total
» upgrades
| Strength of the Moon | 3 | |
| Moon Armor | 1 | |
| Improved Bows | 1 | |
| Marksmanship | 1 | |
| Hippogryph Taming | 1 | |
| Strength of the Wild | 2 | |
| Well Spring | 2 | |
| Corrosive Breath | 1 | |
12 total
» buildings
| Altar of Elders | 1 | |
| Moon Well | 7 | |
| Hunter's Hall | 1 | |
| Ancient Protector | 3 | |
| Tree of Ages | 1 | |
| Tree of Eternity | 1 | |
| Ancient of War | 1 | |
| Ancient of Wind | 1 | |
| Chimaera Roost | 1 | |
| Tree of Life | 1 | |
18 total
» build order
00:25 Altar of Elders
00:38 Moon Well
01:31 Moon Well
01:49 Hunter's Hall
03:27 Ancient Protector
03:31 Tree of Ages
03:41 Ancient Protector
03:47 Moon Well
04:08 Moon Well
04:17 Ancient Protector
06:07 Tree of Eternity
06:25 Ancient of War
07:16 Moon Well
08:21 Ancient of Wind
11:45 Chimaera Roost
13:51 Moon Well
14:10 Moon Well
24:11 Tree of Life
» items
| Potion of Lesser Invulnerability | 1 | |
1 total
Chat log
(20:32 / All) 7.42: lol
(23:34 / All) 7.42: yoink
(24:45 / All) 7.42: lol
(24:46 / All) 7.42: No
(24:48 / All) 7.42: no gold for u
(24:54 / All) 7.42: not allowed
(25:07 / All) 7.42: cancel
(25:09 / All) 7.42: i command it
(26:15 / All) 7.42: lol
(27:18 / All) 7.42: no
(27:24 / All) 7.42: not allowed
(27:36 / All) 7.42: only leaving is allowed
(29:18 / All) teddy69: u lose
(29:20 / All) 7.42: lol
(29:22 / All) 7.42: kay
(29:47 / All) 7.42: wait why
(29:48 / All) 7.42: lol
(30:08 / All) 7.42: DEAD TREE WALKIN
(30:27 / All) 7.42: you know what would be really smart
(30:33 / All) 7.42: playing hide the tree of life
(30:36 / All) 7.42: thats so original
(30:44 / All) teddy69: yea
(31:33 / All) 7.42: gee
(31:37 / All) 7.42: i wonder where his tree of life is
(31:38 / All) 7.42: oh wait look
(31:44 / All) 7.42: tada
(31:48 / All) 7.42: right under my zepplin
(31:56 / All) 7.42: was that your plan?
(32:00 / All) 7.42: lol
(32:06 / All) teddy69: eat me
(32:10 / All) 7.42: u mad kid?
(32:26 / All) 7.42: because all you can do rigt now
(32:28 / All) 7.42: is get mad
(32:45 / All) teddy69: im hacking ur computer
(32:46 / All) teddy69: lol
(32:47 / All) 7.42: LOL
(32:48 / All) 7.42: sure
(32:54 / All) teddy69: dell
(32:56 / All) 7.42: false hacking threats never heard that one before
(32:57 / All) teddy69: ok
(32:58 / All) 7.42: nice guess
(32:58 / All) 7.42: but no
(33:00 / All) 7.42: not a dell
(33:01 / All) 7.42: rofl
(33:04 / All) 7.42: just hoping to get lucky?
(33:07 / All) 7.42: HAHAHA
(33:19 / All) 7.42: so obviously youre mad or you wouldnt bother making fake hacking threats
(33:22 / All) 7.42: so
(33:23 / All) 7.42: my question
(33:24 / All) 7.42: is
(33:26 / All) 7.42: why so mad
(33:32 / All) teddy69: insperon
(33:35 / All) 7.42: nope
(33:36 / All) 7.42: asus
(33:52 / All) teddy69: dell parts
(33:54 / All) 7.42: nope
(33:55 / All) 7.42: not one
(34:02 / All) 7.42: dell doesnt even make parts, god youre so dumb
(34:11 / All) 7.42: dell is a repackager, gigabyte makes their boards
(34:22 / All) teddy69: lol\
(34:38 / All) 7.42: i wouldnt buy a dell any more than id trust you to talk without drooling all over yourself
(35:04 / All) 7.42: got any more leet skills to show off?
(35:09 / All) teddy69: i win
(35:12 / All) 7.42: really...
(35:12 / All) teddy69: lol
(35:13 / All) 7.42: lol
(35:13 / All) teddy69: ol
(35:14 / All) teddy69: o
(35:14 / All) 7.42: why is that
(35:15 / All) teddy69: ol
(35:15 / All) teddy69: l
(35:16 / All) teddy69: o
(35:16 / All) teddy69: o
(35:16 / All) teddy69: o
(35:17 / All) teddy69: o
(35:17 / All) teddy69: ol
(35:18 / All) teddy69: l
(35:18 / All) teddy69: o
(35:20 / All) teddy69: l
(35:26 / All) 7.42: god you cant even spam right
(35:31 / All) 7.42: i think what you meant to do is this:
(35:50 / All) 7.42: but of course youre a dumbass who will never understand how i did that
(36:06 / All) 7.42: you know i could finish you off if i wanted to
(36:11 / All) 7.42: why not go mine some gold?
(36:38 / All) 7.42: after all
(36:43 / All) 7.42: you keep telling yourself you won
(36:52 / All) 7.42: since its so hilarious, why not make a go at it?
(36:55 / All) teddy69: well im still here
(37:01 / All) 7.42: because youre angry
(37:03 / All) 7.42: yeah i get it
(37:07 / All) teddy69: u cant find me
(37:10 / All) 7.42: i have a zepplin on your tree man
(37:11 / All) 7.42: look up
(37:28 / All) 7.42: so obviously i know where you are
(37:38 / All) teddy69: lol
(37:42 / All) teddy69: lo
(37:43 / All) teddy69: lo
(37:44 / All) teddy69: o
(37:44 / All) teddy69: l
(37:44 / All) teddy69: l
(37:45 / All) teddy69: l
(37:45 / All) teddy69: o
(37:45 / All) teddy69: ol
(37:46 / All) teddy69: l
(37:46 / All) teddy69: l
(37:46 / All) teddy69: o
(37:47 / All) teddy69: o
(37:47 / All) teddy69: l
(37:48 / All) teddy69: o
(37:52 / All) teddy69: f
(37:54 / All) teddy69: u
(37:56 / All) teddy69: f
(37:59 / All) teddy69: u
(38:01 / All) teddy69: f
(38:03 / All) teddy69: u
(38:04 / All) teddy69: f
(38:05 / All) teddy69: u
(38:14 / All) 7.42: i win :D